 Dungeon Sprint DCSS version 0.17-a0-1625-g47e540b (webtiles) character file.

58 Kidiri the Sneak (level 3, -4/16 HPs)
             Began as a Spriggan Enchanter on Aug 2, 2015.
             Splashed by an oklob sapling priest's acid (7 damage)
             ... in the Dungeon (Sprint IV: "Fedhas' Mad Dash").
             The game lasted 00:01:06 (600 turns).

Kidiri the Sneak (Spriggan Enchanter)                Turns: 600, Time: 00:01:06

Health: -4/16      AC: -1    Str:  4    XL:     3   Next: 76%
Magic:  10/10      EV: 21    Int: 16    God:
Gold:   42         SH:  0    Dex: 17    Spells: 4 memorised, 3 levels left

rFire  . . .     SeeInvis +     a - +1 dagger
rCold  . . .     Clarity  .     b - +1 robe
rNeg   . . .     SustAt   .     (shield restricted)
rPois  .         Gourm    .     (helmet restricted)
rElec  .         Spirit   .     (no cloak)
rCorr  .         Warding  .     (gloves unavailable)
rMut   .         NoTele   +     (boots unavailable)
MR     .....                    (no amulet)
Stlth  ++++......               (no ring)
                                k - ring of invisibility

@: corroded equipment, very quick, not resistant to hostile enchantments,
stealthy
A: unfitting armour, see invisible, herbivore 3, speed 3, slow metabolism 2
a: Evoke Invisibility


You were in the Dungeon.
You were not hungry.

You visited 1 branch You collected 42 gold pieces.

Inventory:

Hand weapons
 a - a +1 dagger (weapon)
Armour
 b - a +1 robe (worn)
Jewellery
 k - a ring of invisibility (left hand)
Scrolls
 j - a scroll of blinking
Potions
 e - a potion of curing
 f - a potion of heal wounds
 g - a potion of haste
 h - 2 potions of magic
 i - a potion of berserk rage
Books
 c - a book of Maledictions

   Spells                             Type                      Level
   a - Corona                         Hexes                        1
   b - Ensorcelled Hibernation        Hexes/Ice                    2
   c - Confuse                        Hexes                        3
   d - Tukima's Dance                 Hexes                        3
   e - Dazzling Spray                 Conjuration/Hexes            3
Comestibles
 d - a bread ration


   Skills:
 + Level 2.9 Short Blades
 * Level 5.7 Dodging
 * Level 7.2 Stealth
 * Level 5.0 Spellcasting
 + Level 4.7 Hexes
 + Level 1.2 Ice Magic
 + Level 0.0 Evocations


You had 3 spell levels left.
You knew the following spells:

 Your Spells              Type           Power        Failure   Level  Hunger
a - Corona                Hex            ###....      1%          1    None
b - Ensorcelled Hibernat  Hex/Ice        ##....       10%         2    #......
c - Confuse               Hex            ###.....     8%          3    ###....
d - Tukima's Dance        Hex            ###.....     8%          3    ###....


Dungeon Overview and Level Annotations

Branches:
Dungeon (1/1)

Altars:
Cheibriados
Elyvilon
Kikubaaqudgha
Makhleb
Ru
Sif Muna
Trog
Vehumet
Zin
Jiyva
Lugonu

Annotations:
D exclusion: oklob sapling


Innate Abilities, Weirdness & Mutations

You are tiny and cannot use many weapons and most armour.
You have supernaturally acute eyesight.
You are a herbivore.
You cover ground extremely quickly.
You need consume almost no food.


Message History

k - a ring of invisibility Put on which piece of jewellery? (? for menu, Esc to quit)
k - a ring of invisibility (left hand) Unknown command.
You see here a scale mail.
You now have 3 gold pieces.
You now have 6 gold pieces (gained 3).
You now have 17 gold pieces (gained 11).
You now have 34 gold pieces (gained 17).
You now have 42 gold pieces (gained 8).
You open the door.
Marking area around the oklob sapling priest as unsafe for travelling.
An oklob sapling priest comes into view.
Found nine altars.
The oklob sapling priest spits acid at you.
The splash of acid hits you!
Ouch! That really hurt!
* * * LOW HITPOINT WARNING * * *
The acid corrodes you!
The acid burns!
You die...

########################
<..P#.....#.....#.⌠.....
PP..'.)...'.#[..@._._._.
PPPP#.....#.#%..#_._._P_
##############+##._._._.
.⌠...._ #######


You could see an oklob sapling priest.

Vanquished Creatures
  An oklob sapling (D)
  A worker ant (D)
  A river rat (D)
  A rat (D)
4 creatures vanquished.

Notes
Turn   | Place    | Note
--------------------------------------------------------------
     0 | D        | Kidiri the Spriggan Enchanter began the quest for the Orb.
     0 | D        | Reached XP level 1. HP: 9/9 MP: 5/5
     9 | D        | Reached skill level 5 in Stealth
     9 | D        | Reached XP level 2. HP: 13/13 MP: 5/7
    13 | D        | Learned a level 2 spell: Ensorcelled Hibernation
    54 | D        | Noticed an oklob sapling
   557 | D        | Killed an oklob sapling
   557 | D        | Reached skill level 5 in Dodging
   557 | D        | Reached skill level 6 in Stealth
   557 | D        | Reached XP level 3. HP: 16/16 MP: 7/9
   562 | D        | Learned a level 3 spell: Confuse
   566 | D        | Learned a level 3 spell: Tukima's Dance
   578 | D        | Noticed a worker ant
   580 | D        | Killed a worker ant
   580 | D        | Reached skill level 7 in Stealth
   580 | D        | Reached skill level 5 in Spellcasting
   580 | D        | Reached skill level 1 in Ice Magic
   599 | D        | Found a snail-covered altar of Cheibriados.
   599 | D        | Found a glowing silver altar of Zin.
   599 | D        | Found a white marble altar of Elyvilon.
   599 | D        | Found a viscous altar of Jiyva.
   599 | D        | Found a radiant altar of Vehumet.
   599 | D        | Found a deep blue altar of Sif Muna.
   599 | D        | Found an ancient bone altar of Kikubaaqudgha.
   599 | D        | Found a bloodstained altar of Trog.
   599 | D        | Found a corrupted altar of Lugonu.
   599 | D        | Noticed an oklob sapling priest
   600 | D        | Found a burning altar of Makhleb.
   600 | D        | Found a sacrificial altar of Ru.
   600 | D        | Splashed by an oklob sapling priest's acid

Vault maps used:
D:        dungeon_sprint_fedhas

Action                   || total
-------------------------++-------
Melee: Dagger            ||     4
 Cast: Ensorcelled Hiber ||     1
 Stab: Sleeping          ||     3
       Distracted        ||     1
